 Dungeon Crawl Stone Soup version 0.13.0-25-g43d4df3 (webtiles) character file.

3590 MackTheKnife the Nimble (level 9, -16/79 HPs)
             Began as a Deep Dwarf Gladiator on Oct 29, 2013.
             Was a High Priest of Makhleb.
             Demolished by Gastronok (22 damage)
             ... on Level 8 of the Dungeon.
             The game lasted 00:18:20 (5598 turns).

MackTheKnife the Nimble (Deep Dwarf Gladiator)      Turns: 5598, Time: 00:18:20

HP -16/79        AC 11     Str 22      XL: 9   Next: 68%
MP   5/5         EV 19     Int 11      God: Makhleb [*****.]
Gold 325         SH  0     Dex 21      Spells:  0 memorised,  8 levels left

Res.Fire  : + . .   See Invis. : .   z - +1,+0 great mace
Res.Cold  : . . .   Warding    : .   u - +0 ring mail {rF+}
Life Prot.: . . .   Conserve   : .   (no shield)
Res.Poison: .       Res.Corr.  : .   c - +0 dwarf helmet
Res.Elec. : .       Clarity    : .   a - +1 cloak of Perpetual Drought {Str+3 Int+2}
Sust.Abil.: . .     Spirit.Shd : .   v - +0 pair of gloves
Res.Mut.  : .       Stasis     : .   (no boots)
Res.Rott. : .       Flight     : .   (no amulet)
Saprovore : . . .                    j - +5 ring of dexterity
                                     h - +2 ring of protection

@: non-regenerating, very slightly contaminated, slowed, very slow, somewhat
resistant to hostile enchantments, unstealthy
A: damage resistance, recharge devices, sense surroundings 2, slow healing 3
a: Device Recharging, Minor Destruction, Lesser Servant of Makhleb, Major
Destruction, Greater Servant of Makhleb, Renounce Religion


You were on level 8 of the Dungeon.
You worshipped Makhleb.
Makhleb was extremely pleased with you.
You were not hungry.

You visited 2 branches of the dungeon, and saw 9 of its levels.

You collected 305 gold pieces.

Inventory:

Hand weapons
 t - a +3,+2 orcish flail
 y - a +0,+0 orcish morningstar
 z - a +1,+0 great mace (weapon)
Armour
 a - the +1 cloak of Perpetual Drought (worn) {Str+3 Int+2}
   (You found it on level 4 of the Dungeon)

   It affects your strength (+3).
   It affects your intelligence (+2).
 c - a +0 dwarven helmet (worn)
 u - a +0 ring mail of fire resistance (worn)
 v - a +0 pair of gloves (worn)
Magical devices
 e - a wand of heal wounds (4)
 s - a wand of random effects (2)
 x - a wand of digging (7)
 C - a wand of confusion (12) {unknown}
 E - a wand of lightning (5)
 F - a wand of frost (2)
Comestibles
 f - 4 bread rations
 g - a choko
 l - a meat ration
 m - 2 pears
 p - 3 apples
 B - 17 cheeses
Scrolls
 k - 3 scrolls of teleportation
 n - 2 scrolls of remove curse
Jewellery
 h - a +2 ring of protection (left hand)
 j - a +5 ring of dexterity (right hand)
 o - an uncursed ring of see invisible
 A - the amulet of the Clouds {Gourm Dex-2 Int+1}
   (You found it on level 4 of the Dungeon)

   [amulet of the gourmand]

   It affects your intelligence (+1).
   It affects your dexterity (-2).
 J - an uncursed ring of fire
Potions
 i - a potion of restore abilities
 q - a potion of brilliance
 r - 2 potions of curing
 w - a potion of invisibility {unknown}
 D - 2 potions of flight
 H - a potion of resistance {unknown}
 K - a potion of agility {unknown}
 L - a potion of mutation {unknown}


   Skills:
 + Level 4.7 Fighting
 + Level 9.9 Maces & Flails
 - Level 1.7 Throwing
 - Level 10.0 Dodging


You had 8 spell levels left.
You didn't know any spells.

Dungeon Overview and Level Annotations

Branches:
Dungeon (8/27)             Temple (1/1) D:4
    Orc: D:6-11        Lair: D:8-13

Altars:
Ashenzari
Cheibriados
Elyvilon
Fedhas
Kikubaaqudgha
Makhleb
Nemelex Xobeh
Okawaru
Sif Muna
Trog
Vehumet
Xom
Yredelemnul
Zin
the Shining One

Annotations:
D:8 Gastronok


Innate Abilities, Weirdness & Mutations

You are resistant to damage.
You can recharge devices by infusing magical energy.
You passively map the area around you.
You do not heal naturally.


Message History

The giant eyeball stares at you.
You suddenly lose the ability to move!
Gastronok bites you! Gastronok bites you. The giant eyeball stares at you.
You resist.
You can move again.
Unknown command.
You sock Gastronok!
Gastronok is almost dead.
Gastronok misses you.
Unknown command.
You completely miss Gastronok.
Gastronok is almost dead.
Gastronok waves his eye-stalks in wide circles.
The air twists around and strikes you!
* * * LOW HITPOINT WARNING * * *
Unknown command.
You completely miss Gastronok.
Gastronok is almost dead.
Gastronok bites you!
You die...

...........................o.?.
,
...##<##.......###.....###....o
#####.##.......###.....# * .o,
.......................# ,
#####.######.#####j..### , ,,
......# ##)## #...# * #######
##)###...#####.#*
###############%##.......G...
................@j.G........ ,
##################...#####..,,
##### , * * *


You could see Gastronok and a giant eyeball.

Vanquished Creatures
  The ghost of shugdite the Covered, an experienced MiFi of Okawaru (D:6)
  Grum (D:8)
  A phantom (D:5)
  A sky beast (D:8)
  2 ice beasts (D:6)
  4 ogres
  A centaur (D:5)
  The ghost of MackTheKnife the Ducker, an average HaWr (D:3)
  A water moccasin (D:7)
  4 giant frogs
  Blork the orc (D:6)
  A gnoll sergeant (D:5)
  6 killer bees (D:7)
  A goliath beetle (D:7)
  5 hounds
  4 crimson imps
  A gnoll shaman (D:4)
  2 iguanas
  A jelly (D:7)
  5 orc wizards
  A centaur skeleton (D:5)
  2 scorpions
  3 orc priests
  An orange rat (D:7)
  5 worker ants
  Jessica (D:2)
  10 adders
  8 gnolls
  3 green rats (D:7)
  2 worms
  4 grey rats (D:7)
  A giant eyeball (D:6)
  2 giant geckos (D:4)
  4 oozes
  23 orcs
  4 giant cockroaches
  13 goblins
  11 hobgoblins
  10 kobolds
  3 quokkas
  A ball python (D:2)
  8 bats
  2 giant gecko skeletons
  3 giant newts
  2 jackals (D:7)
  A jackal skeleton (D:5)
  2 orc skeletons (D:4)
  An orc zombie (D:5)
  A quokka zombie (D:5)
  18 rats
  A rat zombie (D:6)
195 creatures vanquished.

Notes
Turn   | Place    | Note
--------------------------------------------------------------
     0 | D:1      | MackTheKnife, the Deep Dwarf Gladiator, began the quest for the Orb.
     0 | D:1      | Reached XP level 1. HP: 20/20 MP: 0/0
   214 | D:1      | Reached XP level 2. HP: 14/27 MP: 1/1
   702 | D:2      | Reached skill level 4 in Maces & Flails
   747 | D:2      | Reached XP level 3. HP: 13/33 MP: 2/2
  1026 | D:2      | Noticed Jessica
  1039 | D:2      | Killed Jessica
  1083 | D:2      | Reached XP level 4. HP: 23/40 MP: 3/3
  1326 | D:3      | Noticed MackTheKnife's ghost (average HaWr)
  1408 | D:3      | Reached skill level 5 in Maces & Flails
  1867 | D:3      | Killed MackTheKnife's ghost
  1867 | D:3      | Reached skill level 6 in Maces & Flails
  1867 | D:3      | Reached XP level 5. HP: 19/48 MP: 4/4
  2112 | D:4      | Found a staircase to the Ecumenical Temple.
  2153 | Temple   | Entered the Ecumenical Temple
  2205 | Temple   | Became a worshipper of Makhleb the Destroyer
  2301 | D:4      | Got a faintly humming cloak
  2329 | D:4      | Identified the cursed +1 cloak of Perpetual Drought {Str+3 Int+2} (You found it on level 4 of the Dungeon)
  2376 | D:4      | Reached XP level 6. HP: 29/55 MP: 5/5
  2569 | D:4      | Reached skill level 5 in Dodging
  2643 | D:4      | Got a wavering diamond amulet
  2740 | D:4      | Acquired Makhleb's first power
  2796 | D:4      | Noticed an ogre
  2803 | D:4      | Killed an ogre
  2803 | D:4      | Reached XP level 7. HP: 23/61 MP: 5/5
  2904 | D:5      | Entered Level 5 of the Dungeon
  3164 | D:5      | Reached skill level 7 in Maces & Flails
  3372 | D:5      | Reached XP level 8. HP: 63/68 MP: 6/6
  3457 | D:5      | Acquired Makhleb's second power
  3489 | D:5      | Reached skill level 8 in Dodging
  3725 | D:6      | Found a shimmering altar of Xom.
  3725 | D:6      | Noticed an angel
  3729 | D:6      | Found a glowing silver altar of Zin.
  3781 | D:6      | Noticed shugdite's ghost (experienced MiFi)
  3797 | D:6      | Killed shugdite's ghost
  3797 | D:6      | Reached skill level 9 in Dodging
  4014 | D:6      | Found a deep blue altar of Sif Muna.
  4071 | D:6      | Noticed Blork the orc
  4084 | D:6      | Killed Blork the orc
  4121 | D:6      | Acquired Makhleb's third power
  4418 | D:6      | Reached skill level 10 in Dodging
  4418 | D:6      | Gained mutation: You passively map the area around you. [level up]
  4418 | D:6      | Reached XP level 9. HP: 56/74 MP: 6/6
  4501 | D:6      | Identified the amulet of the Clouds {Gourm Dex-2 Int+1} (You found it on level 4 of the Dungeon)
  4772 | D:7      | Acquired Makhleb's fourth power
  5076 | D:7      | Found a basalt altar of Yredelemnul.
  5499 | D:8      | Acquired Makhleb's fifth power
  5500 | D:8      | Noticed Grum
  5511 | D:8      | Killed Grum
  5541 | D:8      | Noticed Gastronok
  5577 | D:8      | HP: 3/79 [Gastronok (25)]
  5592 | D:8      | Paralysed by a giant eyeball for 4 turns
  5598 | D:8      | Demolished by Gastronok

Action                   |  1- 3 |  4- 6 |  7- 9 || total
-------------------------+-------+-------+-------++-------
Melee: Mace              |   101 |    47 |       ||   148
       Flail             |       |   150 |   345 ||   495
       Great mace        |       |       |    83 ||    83
 Abil: Device Recharging |       |     1 |     2 ||     3
Evoke: Wand              |       |     5 |    15 ||    20
  Use: Scroll            |     1 |     2 |    18 ||    21
       Potion            |     3 |     2 |     5 ||    10
 Stab: Sleeping          |       |     1 |     1 ||     2
